Map: Para Site LE

Players

llllllllllll

  • Race: Protoss Protoss
  • Spawn Location: 11:00

Lambo - Winner!

  • Race: Zerg Zerg
  • League: Master
  • Spawn Location: 5:00

VOD

Have the link to the VOD?

Description

Time

  • Played on: Jan. 12, 2019, 8:13 a.m.
  • Length: 20:26
Show
View Real Time Build Order
Export as new Build Order

llllllllllll Protoss 

Build Orders: 1 Gate Expand, Archon Immortal, Carriers, Archon Drop 

Get SALT Encoding   

  12  0:00  Probe  
  13  0:12  Probe  
  14  0:18  Pylon  
  14  0:24  Probe  
  15  0:32  Probe  
  15  0:38  Gateway  
  15  0:41  Probe  
  16  0:47  Assimilator  
  17  0:51  Probe  
  18  1:03  Probe  
  19  1:15  Probe  
  20  1:27  Nexus  
  20  1:36  Cybernetics Core  
  20  1:38  Probe  
  21  1:46  Assimilator  
  21  1:50  Probe  
  22  1:55  Pylon  
  22  2:03  Probe  
  22  2:04  Adept  
  23  2:11  Probe  
  23  2:13  Warp Gate  
  26  2:20  Probe  
  27  2:30  Stalker  
  27  2:35  Probe x2  
  30  2:43  Probe  
  31  2:47  Probe  
  31  2:49  Robotics Facility  
  33  2:53  Probe  
  34  2:59  Probe  
  34  3:04  Probe  
  35  3:11  Probe  
  36  3:12  Probe  
  36  3:16  Adept  
  36  3:18  Gateway  
  39  3:20  Probe  
  39  3:23  Probe  
  41  3:30  Pylon  
  41  3:32  Probe  
  41  3:33  Twilight Council  
  42  3:36  Assimilator  
  42  3:38  Warp Prism, Assimilator  
  42  3:39  Probe  
  43  3:44  Probe  
  46  3:52  Probe  
  47  3:56  Probe  
  47  4:00  Gateway  
  48  4:02  Gateway  
  48  4:05  Probe  
  48  4:08  Probe  
  50  4:14  Templar Archives  
  50  4:20  Probe x2  
  52  4:24  Gateway  
  52  4:29  Gateway  
  52  4:32  Pylon  
  52  4:34  Charge  
  52  4:43  Pylon  
  52  4:52  Nexus  
  52  4:54  Pylon  
  52  5:00  High Templar x2  
  52  5:01  High Templar  
  52  5:03  High Templar  
  52  5:06  Probe  
  52  5:07  Archon x2  
  61  5:10  Probe  
  62  5:26  Zealot x2  
  62  5:28  Pylon  
  66  5:33  Zealot x3  
  72  5:36  Zealot  
  72  5:37  Probe x2  
  72  5:38  Observer  
  77  5:50  Probe x2  
  79  5:59  Zealot x3  
  79  6:00  Immortal  
  79  6:02  Pylon  
  85  6:04  Zealot x3  
  85  6:07  Probe x2  
  93  6:12  Probe  
  94  6:19  Probe  
  93  6:26  Sentry x3  
  93  6:27  Zealot x3  
  93  6:28  Probe  
  96  6:35  Probe x2  
  90  6:42  Probe, Immortal  
  90  6:46  Forge  
  79  6:51  High Templar x4  
  79  6:53  Probe  
  88  6:56  Probe  
  88  6:58  Probe  
  88  7:00  Archon  
  88  7:04  Zealot  
  88  7:06  Zealot  
  88  7:08  Shield Battery  
  92  7:11  Probe  
  92  7:15  Protoss Ground Weapons Level 1, Archon  
  93  7:20  Assimilator x2  
  93  7:21  Photon Cannon  
  97  7:23  Photon Cannon  
  97  7:30  Sentry  
  97  7:31  Sentry  
  97  7:32  Probe, Immortal  
  97  7:33  Probe  
  97  7:34  Pylon  
  103  7:40  Zealot x3  
  100  7:51  Probe x2  
  102  8:00  Probe  
  102  8:01  High Templar x2  
  102  8:04  Pylon  
  107  8:05  Archon  
  107  8:06  Robotics Facility  
  107  8:09  Zealot x4  
  115  8:16  Photon Cannon  
  115  8:21  Immortal  
  93  8:36  Zealot x6  
  97  8:41  Shield Battery  
  97  8:44  Shield Battery  
  97  8:45  Probe  
  97  8:46  Probe  
  99  8:49  Probe  
  99  8:54  Photon Cannon  
  100  8:57  Probe, Protoss Ground Weapons Level 2  
  100  8:58  Probe  
  100  8:59  High Templar x4  
  100  9:01  Probe  
  111  9:05  Archon x2  
  111  9:06  Immortal  
  114  9:10  Probe  
  114  9:17  Probe  
  114  9:18  Probe  
  114  9:23  Probe  
  117  9:29  Probe  
  117  9:30  Probe  
  119  9:35  Probe  
  120  9:42  Probe x2  
  120  9:43  Pylon  
  120  9:44  Observer, Pylon  
  117  9:46  Immortal  
  121  9:54  Probe, Blink  
  122  10:00  Probe  
  123  10:08  Nexus  
  123  10:09  Pylon  
  123  10:11  Psionic Storm  
  123  10:23  High Templar x4  
  123  10:25  Zealot x2  
  135  10:28  Gateway  
  135  10:34  Gateway  
  135  10:38  Pylon  
  135  10:42  Protoss Ground Weapons Level 3  
  135  10:44  Warp Prism  
  135  10:46  Pylon  
  135  10:48  Immortal  
  125  10:52  Stargate, Pylon  
  127  11:00  High Templar  
  127  11:01  High Templar  
  135  11:04  Photon Cannon  
  135  11:07  Photon Cannon  
  135  11:13  Observer  
  135  11:20  Nexus  
  135  11:29  Immortal x2  
  135  11:32  Pylon  
  143  11:35  Zealot  
  145  11:43  Fleet Beacon  
  145  11:46  Dark Shrine  
  145  11:51  Photon Cannon  
  145  11:56  Shield Battery  
  145  12:05  Assimilator  
  145  12:10  Probe x2, Assimilator  
  145  12:13  Photon Cannon, Pylon  
  145  12:25  Zealot x2, Stalker x3  
  155  12:34  Phoenix  
  153  12:37  High Templar x2, Zealot  
  153  12:38  Probe x2  
  153  12:39  Probe  
  164  12:47  Archon  
  164  12:48  Probe  
  164  12:50  Probe  
  158  12:52  Probe, Photon Cannon  
  158  12:58  Mothership  
  159  13:00  Immortal  
  169  13:16  Pylon  
  169  13:18  Dark Templar x2  
  169  13:19  Zealot x2  
  177  13:21  Carrier  
  177  13:23  Zealot  
  179  13:28  Protoss Shields Level 1  
  173  13:40  Stargate  
  175  13:42  Observer  
  175  13:45  Photon Cannon  
  175  13:49  Photon Cannon  
  175  13:58  Dark Templar x2  
  175  14:00  Dark Templar  
  179  14:14  Oracle, Observer  
  179  14:20  Zealot x3  
  179  14:21  Zealot x2  
  192  14:35  Carrier  
  196  14:53  Pylon  
  196  15:05  Nexus  
  196  15:06  Pylon  
  196  15:12  Carrier  
  194  15:18  Protoss Air Weapons Level 1, Assimilator  
  194  15:22  Assimilator  
  198  15:30  Stargate  
  198  15:32  Stargate  
  188  15:45  Carrier  
  178  15:54  Warp Prism  
  160  16:06  Observer  
  163  16:12  Shield Battery x2  
  163  16:14  Photon Cannon x2  
  163  16:16  Photon Cannon  
  163  16:20  Carrier, Photon Cannon  
  163  16:22  Carrier x2  
  163  16:23  High Templar  
  163  16:24  Pylon  
  181  16:42  Dark Templar  
  183  16:58  Pylon  
  183  16:59  Pylon  
  183  17:07  Protoss Air Weapons Level 2  
  183  17:10  Carrier  
  183  17:11  Carrier  
  184  17:16  Cybernetics Core  
  179  17:24  Nexus, Observer  
  179  17:32  Photon Cannon  
  173  17:44  Carrier  
  173  17:45  Protoss Air Armor Level 1  
  173  17:48  Dark Templar  
  173  17:49  Dark Templar x2  
  179  17:51  Observer  
  179  17:54  Carrier  
  189  18:03  Probe x3  
  189  18:04  Probe  
  193  18:21  Zealot x6  
  188  18:37  Robotics Bay  
  186  18:44  Carrier x2  
  186  18:51  Nexus  
  196  19:00  Pylon  
  184  19:05  Carrier x2  
  190  19:26  Photon Cannon  
  190  19:27  Photon Cannon  
  190  19:31  Photon Cannon  
  190  19:32  Dark Templar  
  190  19:33  Dark Templar, Pylon  
  190  19:36  Shield Battery  
  186  19:53  High Templar x2  
Show
View Real Time Build Order
Export as new Build Order

Lambo Zerg - Winner!

Build Orders: Hatch First, Lurkers 

Get SALT Encoding   

  12  0:00  Drone  
  13  0:12  Overlord  
  13  0:16  Drone  
  14  0:31  Drone x2  
  16  0:47  Hatchery  
  15  0:50  Drone  
  15  0:55  Drone  
  17  0:57  Drone  
  18  1:08  Extractor  
  17  1:14  Spawning Pool  
  17  1:15  Drone  
  17  1:19  Drone  
  18  1:28  Drone  
  19  1:39  Drone  
  20  1:51  Overlord  
  20  2:00  Queen  
  20  2:01  Queen, Zergling x4  
  26  2:12  Drone x2  
  28  2:21  Drone  
  29  2:23  Drone  
  30  2:34  Hatchery  
  29  2:39  Drone  
  29  2:42  Drone  
  31  2:45  Overlord, Drone  
  32  2:53  Queen  
  32  2:57  Drone  
  35  2:59  Drone  
  35  3:04  Drone  
  37  3:07  Drone  
  37  3:08  Drone x2  
  37  3:12  Drone x2  
  41  3:18  Lair  
  41  3:19  Drone x3  
  44  3:22  Overlord  
  44  3:29  Extractor, Drone  
  44  3:34  Roach Warren  
  43  3:35  Drone  
  44  3:44  Drone  
  44  3:45  Drone  
  44  3:47  Drone  
  47  3:48  Drone x2  
  47  3:50  Extractor  
  47  3:55  Drone  
  51  3:58  Drone x2  
  51  4:01  Drone x3  
  56  4:04  Overlord  
  56  4:07  Drone  
  55  4:15  Overlord  
  55  4:16  Overlord  
  55  4:17  Overseer  
  55  4:19  Roach, Glial Reconstitution  
  55  4:23  Overlord, Queen  
  59  4:26  Roach x2  
  59  4:27  Roach  
  65  4:34  Overlord  
  65  4:35  Overlord  
  65  4:38  Drone  
  65  4:39  Drone, Metabolic Boost  
  65  4:42  Roach  
  65  4:43  Roach x2  
  73  4:49  Overlord, Evolution Chamber  
  73  4:52  Roach x3  
  78  4:54  Drone  
  79  5:01  Overlord  
  79  5:05  Drone x3  
  79  5:06  Overlord  
  82  5:08  Roach x2  
  82  5:11  Overlord  
  82  5:12  Drone  
  87  5:14  Extractor, Zerg Missile Weapons Level 1  
  84  5:30  Drone x2  
  84  5:31  Drone x3  
  89  5:37  Roach x3  
  89  5:39  Tunneling Claws  
  89  5:40  Burrow  
  95  5:43  Overlord  
  95  5:45  Overlord, Extractor  
  95  5:47  Queen  
  95  5:48  Overlord  
  95  5:49  Overlord  
  94  5:52  Overlord  
  94  5:55  Overlord  
  94  5:59  Roach x2  
  94  6:03  Roach x2  
  100  6:07  Roach x3  
  100  6:09  Roach  
  107  6:16  Roach x3  
  112  6:22  Roach x3  
  113  6:26  Roach x2  
  113  6:31  Roach x2  
  118  6:36  Roach x2  
  124  6:40  Roach x2  
  124  6:47  Roach x3  
  124  6:57  Drone x5  
  129  7:05  Roach x2  
  133  7:09  Roach x2  
  133  7:10  Roach x3  
  143  7:18  Roach x5  
  143  7:19  Roach x24  
  143  7:21  Roach  
  143  7:22  Roach  
  157  7:27  Roach x2  
  161  7:36  Roach x4  
  169  7:39  Roach x11  
  165  7:45  Roach x4  
  169  7:57  Drone x8  
  177  7:59  Zerg Missile Weapons Level 2  
  177  8:00  Roach x17  
  177  8:01  Extractor  
  177  8:04  Drone  
  177  8:09  Roach x8  
  173  8:20  Overlord  
  173  8:21  Roach  
  173  8:22  Roach x2, Overlord  
  165  8:27  Overlord, Extractor, Hydralisk Den  
  165  8:30  Overlord  
  159  8:36  Overlord  
  159  8:37  Overlord  
  159  8:38  Roach x5  
  147  8:42  Roach x5  
  147  8:45  Roach x3  
  153  8:50  Roach x5  
  153  8:52  Roach x22  
  149  9:06  Grooved Spines  
  149  9:10  Hydralisk x6  
  149  9:11  Hatchery  
  149  9:16  Hydralisk x2  
  162  9:19  Roach x5  
  162  9:20  Roach x4  
  162  9:21  Hydralisk  
  160  9:31  Hydralisk x3  
  160  9:32  Roach x3  
  160  9:37  Roach x3, Hatchery  
  163  9:41  Roach  
  151  9:46  Roach x3  
  147  9:54  Hydralisk x3  
  147  9:59  Roach x3  
  153  10:00  Pneumatized Carapace  
  153  10:01  Hydralisk  
  155  10:08  Hydralisk x3  
  161  10:24  Muscular Augments  
  161  10:25  Drone x11  
  161  10:28  Extractor  
  171  10:31  Zerg Ground Armor Level 1  
  171  10:34  Lurker Den  
  170  10:38  Extractor  
  169  10:44  Roach x4  
  169  10:47  Drone x3  
  169  10:48  Drone  
  169  10:49  Drone x2  
  183  10:59  Roach x4  
  191  11:09  Hydralisk x3  
  191  11:10  Infestation Pit  
  196  11:16  Drone x2  
  198  11:19  Queen  
  198  11:22  Overlord  
  200  11:30  Extractor  
  199  11:34  Extractor  
  198  11:46  Overseer  
  198  11:53  Drone x2  
  200  11:56  Hive  
  200  11:58  Spire  
  199  12:18  Overlord  
  190  12:37  Drone x19  
  190  12:42  Drone x3  
  185  12:52  Drone  
  185  12:53  Drone x3  
  189  13:05  Spine Crawler x2, Evolution Chamber  
  188  13:06  Drone x4  
  188  13:07  Spine Crawler, Drone x2  
  191  13:14  Greater Spire, Adaptive Talons  
  191  13:16  Lurker x12  
  191  13:17  Lurker x2  
  197  13:21  Roach x13  
  197  13:23  Overlord  
  197  13:24  Zerg Missile Weapons Level 3  
  184  13:35  Corruptor x9  
  199  13:42  Pathogen Glands  
  199  13:43  Drone  
  199  13:48  Spore Crawler  
  199  13:51  Spore Crawler  
  199  13:52  Spore Crawler  
  197  13:56  Queen  
  197  13:59  Spore Crawler  
  197  14:00  Spore Crawler  
  197  14:03  Spine Crawler  
  194  14:15  Drone x6  
  194  14:24  Overseer  
  180  14:34  Overseer  
  180  14:36  Zerg Flyer Weapons Level 1  
  180  14:40  Neural Parasite  
  180  14:41  Infestor x6  
  180  14:43  Brood Lord x4  
  200  14:59  Spine Crawler  
  199  15:00  Spine Crawler  
  197  15:07  Drone  
  197  15:09  Brood Lord  
  198  15:23  Overlord  
  198  15:30  Spore Crawler x2  
  198  15:31  Spore Crawler x2  
  198  15:33  Overseer  
  198  15:34  Overseer  
  174  15:50  Infestor x10  
  193  16:00  Zerg Melee Weapons Level 1  
  191  16:04  Queen  
  191  16:05  Queen  
  195  16:17  Queen  
  197  16:25  Overseer  
  197  16:32  Extractor  
  196  16:34  Hatchery  
  196  16:35  Extractor  
  193  16:43  Spine Crawler  
  193  16:45  Spine Crawler  
  193  16:46  Spine Crawler  
  187  17:01  Brood Lord  
  187  17:02  Brood Lord x3, Drone  
  187  17:03  Drone x4  
  197  17:13  Zerg Flyer Armor Level 1, Overseer  
  197  17:15  Queen, Spire  
  192  17:31  Overseer  
  192  17:32  Overseer  
  192  17:36  Overseer  
  189  17:41  Infestor  
  189  17:42  Infestor x7  
  199  17:47  Spore Crawler x2  
  199  17:49  Spore Crawler  
  199  17:50  Spore Crawler  
  195  17:53  Overseer  
  195  18:01  Corruptor x2  
  197  18:17  Overseer  
  197  18:19  Drone x3  
  197  18:20  Drone x4  
  200  18:40  Spine Crawler  
  200  18:41  Spore Crawler  
  198  18:44  Spine Crawler  
  197  18:58  Corruptor  
  199  19:05  Overseer  
  188  19:23  Extractor  
  187  19:24  Corruptor x6  
  187  19:29  Drone  
  200  19:52  Spine Crawler  
  199  19:53  Spine Crawler  
  199  19:54  Spine Crawler  
  197  20:01  Extractor  
  197  20:04  Spore Crawler, Drone  
  196  20:09  Spore Crawler  
  196  20:10  Spore Crawler  
Tags
 
Add a new tag
Caveats
  • Supply blocks, unpowered buildings, or Contaminate may cause inaccurate times.
  • Supply counts are checked every 10 seconds.